[Event "FIDE World Cup O12-A 2024"]
[Site "Batumi"]
[Date "2024.06.26"]
[Round "4.1"]
[White "Obidov, Biloliddin"]
[Black "Siddhanth Poonja"]
[Result "1/2-1/2"]
[ECO "B06"]
[WhiteElo "1998"]
[BlackElo "1958"]
[Annotator "NA RC"]
[PlyCount "107"]
[EventDate "2024.06.23"]
[EventType "swiss"]
[EventCountry "GEO"]
[SourceTitle "playchess.com"]
[Source "ChessBase"]
[SourceQuality "1"]
[TimeControl "5400+30"]

1. e4 c5 2. Nf3 g6 3. c3 d5 4. exd5 Qxd5 5. d4 Bg7 6. Na3 cxd4 7. Bc4 Qe4+ 8. Be3 Nh6 9. cxd4 O-O 10. Nb5 Na6 (10... Nc6 $11) 11. Nc3 (11. Qb3 $1 $14) 11... Qf5 (11... Qc6 $11 12. Qb3 Nc7) 12. h3 Qa5 $1 13. g4 b5 14. Bd5 Rb8 15. Ne5 Bxe5 16. dxe5 Rd8 17. Bxh6 $11 Bb7 18. O-O b4 19. Bxf7+ Kxf7 20. Qb3+ e6 21. Ne2 Qxe5 22. Qe3 Qe4 23. Qxe4 Bxe4 24. Be3 Bf3 25. Nd4 Bd5 26. b3 e5 27. Nc2 Be4 28. Rfc1 h5 29. Ne1 hxg4 30. hxg4 Rh8 31. f3 Bd5 32. Rd1 Ke6 33. Rd2 Rh7 34. Rad1 Rb5 35. Bf2 Rc7 36. Kg2 Nb8 37. Nd3 a5 38. Bg3 Nd7 39. Re1 Bb7 40. Rde2 Kf7 41. Bxe5 Nxe5 42. Nxe5+ Kg7 43. Nc4 Rf7 44. Re3 Rd5 45. Re7 Ba6 46. Rxf7+ Kxf7 47. Re2 Bxc4 48. bxc4 Rd3 49. Kg3 Rc3 50. Re5 Ra3 51. Re2 Rc3 52. Re5 Ra3 53. Re2 Rc3 54. Re5 1/2-1/2

[Event "FIDE World Cup O12-A 2024"]
[Site "Batumi"]
[Date "2024.06.26"]
[Round "4.2"]
[White "Syed Abdul Khader"]
[Black "Yang, ZiLong"]
[Result "1-0"]
[ECO "B22"]
[WhiteElo "2050"]
[BlackElo "1874"]
[Annotator "NA RC"]
[PlyCount "145"]
[EventDate "2024.06.23"]
[EventType "swiss"]
[EventCountry "GEO"]
[SourceTitle "playchess.com"]
[Source "ChessBase"]
[SourceQuality "1"]
[TimeControl "5400+30"]

1. e4 c5 2. c3 d5 3. exd5 Qxd5 4. d4 Nf6 5. Nf3 Nc6 6. Be3 cxd4 7. cxd4 e6 8. Nc3 Qd6 9. Bd3 Be7 10. O-O O-O 11. a3 b6 12. Rc1 Bb7 {[%emt 0:00:21] B22: Sicilian: 2 c3.} 13. h3 Rac8 14. Qe2 Rfd8 15. Rfd1 Nd5 16. Bb1 Nxe3 17. fxe3 Qg3 18. Ne4 Qb8 19. Nfg5 $11 g6 20. Rf1 Rf8 21. Rc3 Kg7 22. Qg4 h5 23. Qe2 Nd8 24. Rxc8 Qxc8 25. Nf3 Nc6 26. Nc3 Qd7 27. Be4 Bf6 28. Qf2 Bd8 29. Bxc6 Qxc6 30. Ne5 Qe8 31. Ne2 f6 32. Nf4 Be4 33. Nc4 Bc7 34. Rc1 Bb8 35. Nd2 Bb7 36. Ne2 e5 37. Nc3 Qd7 38. d5 Bxd5 39. Nxd5 Qxd5 40. e4 Qe6 41. Nf1 f5 42. Qf3 f4 43. Nd2 Rd8 44. Qc3 Qd6 45. Nf3 Qe7 46. h4 Qe6 47. Ng5 Qd7 48. Qb3 Re8 49. Rd1 Qe7 50. Rd5 a6 51. Qd3 Qf6 52. Rd7+ Re7 53. Qd5 b5 54. Rd8 Ba7+ 55. Kh2 f3 56. gxf3 Bf2 57. Qg8+ Kh6 58. Rf8 Qg7 59. Nf7+ Rxf7 60. Qxf7 Qxf7 61. Rxf7 Bd4 62. b3 Bc5 63. Rf6 Bxa3 64. Rxa6 Bc1 65. Rb6 Be3 66. Rxb5 g5 67. hxg5+ Kxg5 68. Rxe5+ Kh4 69. Rf5 Bf2 70. Rf7 Bg3+ 71. Kg2 Bb8 72. b4 Kg5 73. b5 1-0

[Event "FIDE World Cup O12-A 2024"]
[Site "Batumi"]
[Date "2024.06.26"]
[Round "4.3"]
[White "Mamikonyan, Artem T"]
[Black "Wang, Ted"]
[Result "1/2-1/2"]
[ECO "B31"]
[WhiteElo "1855"]
[BlackElo "2034"]
[Annotator "NA RC"]
[PlyCount "76"]
[EventDate "2024.06.23"]
[EventType "swiss"]
[EventCountry "GEO"]
[SourceTitle "playchess.com"]
[Source "ChessBase"]
[SourceQuality "1"]
[TimeControl "5400+30"]

1. e4 c5 2. Nf3 Nc6 3. Bb5 g6 4. O-O Bg7 5. Re1 Nf6 6. c3 O-O 7. d4 d5 8. e5 Ne4 9. Nbd2 cxd4 10. cxd4 Qb6 {[%emt 0:00:03] B31: Sicilian: 2...Nc6 3 Bb5 g6.} 11. Bxc6 Qxc6 12. Qe2 Be6 13. Nxe4 dxe4 14. Ng5 Bd5 15. Nxe4 f5 16. Ng5 $1 e6 17. f3 Rac8 18. Nh3 Qa4 19. Be3 Rc2 20. Qd1 Qc6 21. Rc1 Rc8 22. b3 Rxc1 23. Qxc1 Qxc1 24. Rxc1 Rxc1+ 25. Bxc1 Kf7 26. Nf4 Bc6 27. Nd3 b6 28. Kf2 Bf8 29. Bd2 $14 (29. Bg5 $16) 29... Ke8 30. h4 Kd7 31. Bb4 Bh6 32. g4 Bb5 33. Ke2 a5 34. g5 axb4 35. gxh6 Kc6 36. Ke3 Bxd3 37. Kxd3 Kd5 38. f4 b5 1/2-1/2

[Event "FIDE World Cup O12-A 2024"]
[Site "Batumi"]
[Date "2024.06.26"]
[Round "4.4"]
[White "Sobirov, Afruzbek"]
[Black "Bulgak, Damir"]
[Result "1/2-1/2"]
[ECO "D00"]
[WhiteElo "1789"]
[BlackElo "1931"]
[Annotator "NA RC"]
[PlyCount "117"]
[EventDate "2024.06.23"]
[EventType "swiss"]
[EventCountry "GEO"]
[SourceTitle "playchess.com"]
[Source "ChessBase"]
[SourceQuality "1"]
[TimeControl "5400+30"]

1. d4 Nf6 2. Nc3 d5 3. Bf4 g6 4. e3 Bg7 5. h4 h5 6. Nf3 O-O 7. Nb5 Na6 8. Ne5 Ne4 (8... c6 $11 9. Nc3 Qa5) 9. f3 Nf6 10. Be2 c5 11. Qd2 Bf5 12. a3 Qb6 $1 13. O-O-O Rac8 14. Nc3 cxd4 15. exd4 Rfd8 (15... Rxc3 $1 $11 16. bxc3 (16. Qxc3 $2 {too greedy.} Rc8 $19) 16... Rc8) 16. Qe3 Qa5 $16 ({Better is} 16... Rxc3 $1 $14 17. bxc3 Qa5) 17. g4 hxg4 18. fxg4 Ne4 19. gxf5 Rxc3 20. Rd3 Rdc8 21. Rxc3 Rxc3 22. bxc3 Qxa3+ 23. Kd1 Qa1+ 24. Qc1 Qxc3 25. Bd3 Qxd4 26. Nf3 Qb4 27. Bxe4 dxe4 28. Ng5 gxf5 29. h5 Qc4 30. h6 Bc3 31. h7+ Kh8 32. Qe3 Qd5+ 33. Kc1 Bf6 34. Qb3 Qxb3 35. cxb3 Bxg5 36. Bxg5 f6 37. Be3 b6 38. Rh5 Nb4 39. Kd2 Nd3 40. Rxf5 Kxh7 41. Rh5+ Kg7 42. Rd5 Ne5 43. Rxe5 fxe5 44. b4 Kf6 45. Kc3 Kf5 46. Kd2 Ke6 47. Kc2 Kd5 48. Kc3 Kc6 49. Kc4 a6 50. Kc3 a5 51. bxa5 bxa5 52. Bc1 a4 53. Ba3 Kd5 54. Bxe7 Ke6 55. Ba3 Kf5 56. Kd2 Kf4 57. Ke2 e3 58. Be7 Ke4 59. Bf8 1/2-1/2

[Event "FIDE World Cup O12-A 2024"]
[Site "Batumi"]
[Date "2024.06.26"]
[Round "4.5"]
[White "Yin, Zeming"]
[Black "Haresh, Venkata Narayanaswam"]
[Result "1-0"]
[ECO "B98"]
[WhiteElo "1832"]
[BlackElo "1728"]
[Annotator "NA RC"]
[PlyCount "135"]
[EventDate "2024.06.23"]
[EventType "swiss"]
[EventCountry "GEO"]
[SourceTitle "playchess.com"]
[Source "ChessBase"]
[SourceQuality "1"]
[TimeControl "5400+30"]

1. e4 c5 2. Nf3 d6 3. d4 cxd4 4. Nxd4 Nf6 5. Nc3 a6 6. Bg5 e6 7. f4 Be7 8. Qf3 h6 9. Bh4 Nbd7 10. Bc4 {[%emt 0:00:53] B98: Sicilian Najdorf: 6 Bg5 e6 7 f4 Be7, sidelines.} g5 11. fxg5 Ne5 12. Qe2 Nfg4 13. Bb3 Qc7 14. Bg3 hxg5 15. Nf3 Bd7 16. O-O-O O-O-O 17. Nxe5 Nxe5 18. Qe3 Kb8 19. h3 Rh7 $11 20. Qd2 Bc6 21. Qd4 g4 22. hxg4 Rg7 23. Bf2 Kc8 24. Na4 Bxa4 25. Bxa4 b5 26. Rh3 Kb8 27. Bb3 Rxg4 28. Rg3 Rdg8 29. Rxg4 Rxg4 30. g3 d5 31. Rh1 Bg5+ 32. Kb1 Rxe4 33. Rh8+ Bd8 34. Qd2 Ng6 35. Rg8 Kc8 36. Bxd5 exd5 37. Qxd5 Re6 38. Qa8+ Kd7 39. Qd5+ Qd6 40. Qb7+ Bc7 41. Qc8+ Ke7 42. a3 Qd7 43. Qb7 Rd6 44. Bc5 Nf8 45. Qxa6 Ne6 46. Bb4 Kf6 47. Bxd6 Bxd6 48. Qc8 Qxc8 49. Rxc8 Bxg3 50. c4 bxc4 51. Rxc4 Ke5 52. a4 f5 53. a5 Kd5 54. Rc1 Nc5 55. b4 Nd3 56. a6 Bf2 57. Rf1 Kc6 58. b5+ Kb6 59. Kc2 Nb4+ 60. Kb3 Bc5 61. Rxf5 Bd6 62. Rf6 Nxa6 63. bxa6 Kc7 64. Rxd6 Kb8 65. Kb4 Ka7 66. Kb5 Ka8 67. Kb6 Kb8 68. Rd8# 1-0

[Event "FIDE World Cup O12-A 2024"]
[Site "Batumi"]
[Date "2024.06.26"]
[Round "4.6"]
[White "Guo, Ethan"]
[Black "Yang, Maxwell"]
[Result "1-0"]
[ECO "B90"]
[WhiteElo "2136"]
[BlackElo "1979"]
[Annotator "RC"]
[PlyCount "69"]
[EventDate "2024.06.23"]
[EventType "swiss"]
[EventCountry "GEO"]
[SourceTitle "playchess.com"]
[Source "ChessBase"]
[SourceQuality "1"]
[TimeControl "5400+30"]

1. e4 c5 2. Nf3 d6 3. d4 cxd4 4. Nxd4 Nf6 5. Nc3 a6 6. Be3 e5 7. Nf3 Be7 8. h3 Qc7 9. a4 O-O 10. a5 Be6 11. Nd5 Bxd5 12. exd5 Nbd7 13. c4 Rfc8 14. Be2 b5 15. axb6 Nxb6 16. Nd2 a5 17. O-O Nbd7 18. Nb1 Ne4 19. Na3 Qb8 20. Nb5 Bd8 21. Bd3 Nef6 22. b4 e4 23. Be2 Ne5 24. c5 Bc7 25. c6 Bb6 26. bxa5 Rxa5 27. Rxa5 Bxa5 28. Ba7 Qa8 29. Qd4 Bc7 30. Ra1 Nxc6 31. dxc6 Qxc6 32. Nxc7 Qxc7 33. Bb6 Qc6 34. Ba5 h6 35. Bd2 1-0

[Event "FIDE World Cup O12-A 2024"]
[Site "Batumi"]
[Date "2024.06.26"]
[Round "4.7"]
[White "Nanayakkara, Sanuk"]
[Black "Kristesiashvili, Andria"]
[Result "1/2-1/2"]
[ECO "A15"]
[WhiteElo "1714"]
[BlackElo "1728"]
[Annotator "NA RC"]
[PlyCount "89"]
[EventDate "2024.06.23"]
[EventType "swiss"]
[EventCountry "GEO"]
[SourceTitle "playchess.com"]
[Source "ChessBase"]
[SourceQuality "1"]
[TimeControl "5400+30"]

1. Nf3 Nf6 2. g3 b5 3. Bg2 Bb7 4. O-O c5 5. b3 g6 6. Bb2 Bg7 7. c4 bxc4 8. bxc4 O-O 9. d3 d6 10. Nbd2 Nbd7 11. Qc2 Qc7 12. Rab1 Rab8 13. Bc3 Bc6 14. h3 h6 15. Rfe1 Rfe8 16. e3 Nb6 17. d4 cxd4 18. Bxd4 Nbd7 19. Rxb8 Rxb8 20. Rb1 Rc8 21. Qb2 e5 22. Bc3 Ne4 23. Bb4 Ndc5 24. Qa3 Bf8 25. Rd1 Qb7 26. Bxc5 Nxc5 27. Rb1 Qa8 28. Rc1 Ne4 29. Nb3 Nxg3 30. fxg3 Bxf3 31. Bf1 Qb7 32. Nd2 Bc6 33. Rb1 Qe7 34. Qa6 Qd7 35. e4 Be7 36. Kh2 Bg5 37. Rd1 Bb7 38. Qa3 Qc6 39. Qd3 f5 40. Bg2 Rd8 41. Rg1 Qd7 42. exf5 Bxg2 43. Rxg2 Bxd2 44. Qxd2 Qxf5 45. Qxh6 1/2-1/2

[Event "FIDE World Cup O12-A 2024"]
[Site "Batumi"]
[Date "2024.06.26"]
[Round "4.8"]
[White "Kleschevnikov, Arseny"]
[Black "Lee, Daniel Joshua"]
[Result "1-0"]
[ECO "D37"]
[WhiteElo "1895"]
[BlackElo "1717"]
[Annotator "NA RC"]
[PlyCount "57"]
[EventDate "2024.06.23"]
[EventType "swiss"]
[EventCountry "GEO"]
[SourceTitle "playchess.com"]
[Source "ChessBase"]
[SourceQuality "1"]
[TimeControl "5400+30"]

1. d4 d5 2. c4 e6 3. Nc3 a6 4. cxd5 exd5 5. Nf3 Nf6 6. Bg5 Be6 7. e3 Nbd7 8. Bd3 Bd6 9. O-O O-O 10. Qc2 h6 11. Bf4 Bxf4 12. exf4 Nb8 13. Ne5 Qd6 14. Na4 b6 15. Rac1 Rc8 16. Rfe1 Bd7 17. a3 $16 Bb5 18. Bxb5 axb5 19. Nc3 b4 20. Qf5 Na6 21. Nb5 Qd8 22. Nc6 Qd7 23. Qxd7 Nxd7 24. Ne7+ Kf8 25. Nxc8 Rxc8 26. axb4 Nxb4 27. Rxc7 Rxc7 28. Nxc7 Nd3 29. Re8# 1-0

[Event "FIDE World Cup O12-A 2024"]
[Site "Batumi"]
[Date "2024.06.26"]
[Round "4.9"]
[White "Kozhedub, Ivan"]
[Black "Li, Yiheng"]
[Result "1-0"]
[ECO "B26"]
[WhiteElo "1778"]
[BlackElo "1886"]
[Annotator "NA RC"]
[PlyCount "63"]
[EventDate "2024.06.23"]
[EventType "swiss"]
[EventCountry "GEO"]
[SourceTitle "playchess.com"]
[Source "ChessBase"]
[SourceQuality "1"]
[TimeControl "5400+30"]

1. e4 c5 2. Nc3 d6 3. g3 Nc6 4. Bg2 g6 5. d3 Bg7 6. Be3 Rb8 7. a4 a6 8. Nge2 {[%emt 0:01:05] B26: Closed Sicilian: 3 g3, lines with early Be3.} b5 9. axb5 axb5 10. Qd2 b4 11. Nd1 Nd4 12. O-O e6 {[%emt 0:03:03] is the legacy move (12...h5).} 13. f4 h5 $146 ({Predecessor:} 13... Ne7 14. Nxd4 cxd4 15. Bf2 O-O 16. b3 e5 17. Ra4 Qc7 18. Be1 Bd7 19. Rxb4 Bb5 {0-1 Bezkorovaina,M (2188)-Paragua,M (2442) New York Spring IM-B 2023 (6.2)}) 14. Nxd4 cxd4 15. Bf2 Ne7 16. b3 Nc6 17. Nb2 O-O 18. h3 e5 19. f5 Kh7 20. Qe2 Bf6 21. Be1 Kg7 22. Bd2 Bd7 23. Nc4 Qe7 24. Ra6 Rfd8 25. Nb6 Rxb6 26. Rxb6 Ra8 27. Rb7 Qd8 28. fxg6 fxg6 29. Qf2 Nb8 30. Bxb4 Ra6 31. Rxb8 Qxb8 32. Qxf6+ 1-0

[Event "FIDE World Cup O12-A 2024"]
[Site "Batumi"]
[Date "2024.06.26"]
[Round "4.10"]
[White "Yerzhanuly Yernur"]
[Black "Berdashkevich, Makar"]
[Result "1-0"]
[ECO "D02"]
[WhiteElo "1810"]
[BlackElo "1650"]
[Annotator "NA RC"]
[PlyCount "213"]
[EventDate "2024.06.23"]
[EventType "swiss"]
[EventCountry "GEO"]
[SourceTitle "playchess.com"]
[Source "ChessBase"]
[SourceQuality "1"]
[TimeControl "5400+30"]

1. d4 Nf6 2. Bf4 e6 3. e3 c5 4. c3 Qb6 5. Qb3 Nc6 6. Nd2 d5 7. Ngf3 Be7 8. Qxb6 axb6 9. Bb5 Nh5 (9... O-O $11) 10. Bc7 Bd8 11. Bxd8 Kxd8 12. Bxc6 bxc6 13. Ne5 Ke8 14. Nxc6 f6 15. g4 Bd7 16. gxh5 Bxc6 17. f4 Ke7 $14 18. Rg1 Rhg8 19. h4 h6 20. Nf1 Be8 21. Ng3 f5 22. a3 Bf7 23. Kf2 Ra7 24. Ke2 Rga8 25. Kd2 Ra4 26. Ra2 Be8 27. Rga1 c4 28. Rg1 Kf6 29. Kc2 R8a7 30. Rb1 Bb5 31. Nf1 R4a6 32. Nh2 Ba4+ 33. Kd2 Be8 34. Nf3 Bxh5 35. Ne5 Be8 36. Rg1 Rb7 37. Raa1 Raa7 38. Rg2 Rc7 39. Rag1 Rab7 40. Kc2 Ra7 41. Kb1 Rab7 42. Ka2 Rb8 43. b3 cxb3+ 44. Kxb3 Rbc8 45. Kb2 Ra8 46. Kb3 Ba4+ 47. Kb4 Be8 48. Rg3 Ra4+ 49. Kb3 Ra8 50. c4 dxc4+ 51. Nxc4 Rd8 52. R3g2 Ra7 53. Ne5 Rc7 54. Nc4 Ra7 55. Kb2 Rc7 56. Rc1 Rb7 57. Ne5 Ra8 58. Rgc2 Rba7 59. Rc3 Ba4 60. Rc7 Be8 61. Rxa7 Rxa7 62. Nc4 Ke7 63. Rc3 b5 64. Ne5 Rb7 65. Kb3 Kf6 66. Kb4 g5 67. hxg5+ hxg5 68. fxg5+ Kxg5 69. Rc8 Bh5 70. Rg8+ Kh6 71. Nd3 Bf7 72. Rc8 Kg5 73. Rc6 Rb8 74. Nc5 Ra8 75. Rb6 Kg4 76. Nd3 Ra4+ 77. Kb3 Bg8 78. Rb8 e5+ 79. Rxg8+ Kf3 80. dxe5 Kxe3 81. Nc5 Ra7 82. e6 Re7 83. Kb4 f4 84. Kxb5 f3 85. Kc6 f2 86. Rf8 Re8 87. Rf6 Rc8+ 88. Kd6 Rb8 89. Nd7 Ra8 90. Nb6 Rb8 91. Kc7 Re8 92. Kd7 Rb8 93. e7 Rb7+ 94. Kd8 Rxe7 95. Kxe7 Ke2 96. a4 f1=Q 97. Rxf1 Kxf1 98. a5 Ke2 99. a6 Kd3 100. a7 Kd4 101. a8=Q Ke5 102. Qa4 Kf5 103. Nd5 Ke5 104. Qc4 Kf5 105. Qf4+ Kg6 106. Qg4+ Kh6 107. Kf7 1-0

[Event "FIDE World Cup O12-A 2024"]
[Site "Batumi"]
[Date "2024.06.26"]
[Round "4.12"]
[White "Tavberidze, Alexandre"]
[Black "Todua, Andria"]
[Result "0-1"]
[ECO "B45"]
[WhiteElo "1529"]
[BlackElo "1599"]
[Annotator "NA RC"]
[PlyCount "122"]
[EventDate "2024.06.23"]
[EventType "swiss"]
[EventCountry "GEO"]
[SourceTitle "playchess.com"]
[Source "ChessBase"]
[SourceQuality "1"]
[TimeControl "5400+30"]

1. e4 c5 2. Nf3 e6 3. d4 cxd4 4. Nxd4 Nf6 5. Nc3 Nc6 6. Be2 Bb4 7. f3 Qa5 8. Qd2 O-O 9. Nb3 Qb6 10. Qe3 d5 11. Qxb6 axb6 12. exd5 Nxd5 13. Bd2 Bxc3 14. Bxc3 Rd8 15. Kf2 Bd7 16. a3 Nxc3 17. bxc3 Ne7 18. c4 Bc6 19. Rhd1 Rxd1 20. Rxd1 g6 21. Ra1 e5 22. Bd3 Kg7 23. Nd2 f5 24. g4 Kf6 25. h4 Nc8 26. Kg3 Nd6 27. g5+ Kf7 28. f4 e4 29. Be2 Ra4 30. Kf2 Bd7 31. c3 Ke7 32. Ke3 Be6 33. Rb1 Rxa3 34. Rxb6 Rxc3+ 35. Kd4 Rc2 36. Ke3 Bc8 37. Rb3 Kd7 38. Rb4 Kc7 39. Nb3 b6 40. Nd4 Rc3+ 41. Kd2 Rh3 42. h5 Bd7 43. hxg6 hxg6 44. Nb5+ Bxb5 45. cxb5 Rh4 46. Ke3 Rh3+ 47. Kf2 Nb7 48. Rd4 Nc5 49. Kg2 Rb3 50. Rd2 Ne6 51. Rc2+ Kb7 52. Rc6 Nxf4+ 53. Kf1 Rb1+ 54. Kf2 Rb2 55. Ke3 Nxe2 56. Rxg6 Ng3 57. Rg7+ Kc8 58. Kf4 Nh5+ 59. Kxf5 Nxg7+ 60. Kf6 Rg2 61. Kxg7 Rxg5+ 0-1